 Dungeon Crawl Stone Soup version 0.25.0-26-g0c896c7088 (webtiles) character file.

Game seed: 2511311801963795158

256 MisterFreud the Digger (level 6, 0/50 (51) HPs)
             Began as a Ghoul Earth Elementalist on July 1, 2020.
             Was an Initiate of Makhleb.
             Slain by an orc
             ... wielding a +0 falchion
              (3 damage)
             ... on level 4 of the Dungeon.
             The game lasted 00:06:52 (5122 turns).

MisterFreud the Digger (Ghoul Earth Elementalist)   Turns: 5122, Time: 00:06:53

HP:   0/50 (51)     AC:  2    Str: 12    XL:     6   Next: 15%
MP:   1/9           EV: 12    Int: 12    God:    Makhleb [......]
Gold: 152           SH:  0    Dex:  9    Spells: 7/11 levels left

rFire    + + .     SeeInvis .   f - +0 mace
rCold    + . .     Gourm    .   (no shield)
rNeg     + + +     Faith    .   c - +0 robe
rPois    ∞         Spirit   .   (no helmet)
rElec    .         Reflect  .   (no cloak)
rCorr    .         Harm     .   (no gloves)
MR       .....                  (no boots)
Stlth    ++........             (no amulet)
HPRegen  0.00/turn              s - ring of protection from fire
MPRegen  0.11/turn              A - ring of protection from fire

@: rotting
A: rotting body, claws 1, carnivore, cold resistance 1, negative energy
resistance 3, inhibited regeneration, torment resistance, unbreathing
a: Renounce Religion


You were on level 4 of the Dungeon.
You worshipped Makhleb.
Makhleb was noncommittal.
You were hungry.

You visited 2 branches of the dungeon, and saw 5 of its levels.

You collected 152 gold pieces.

Inventory:

Hand Weapons
 f - a +0 mace (weapon)
 i - a +0 hand axe
Missiles
 b - 24 stones (quivered)
 h - 6 javelins
 w - 20 poisoned darts
Armour
 c - a +0 robe (worn)
Jewellery
 s - a ring of protection from fire (left claw)
 y - an uncursed ring of flight
 A - a ring of protection from fire (right claw)
Scrolls
 e - 4 scrolls of identify {unknown}
 j - a scroll of magic mapping {unknown}
 l - a scroll of amnesia {unknown}
 m - a scroll of blinking {unknown}
 n - a scroll of enchant weapon {unknown}
 o - a scroll of immolation {unknown}
 p - a scroll of teleportation {unknown}
 r - a scroll of enchant armour {unknown}
 x - 3 scrolls of remove curse {unknown}
 C - a scroll of fear {unknown}
Potions
 a - 2 potions of brilliance {unknown}
 g - a potion of stabbing {unknown}
 k - a potion of haste {unknown}
 q - a potion of ambrosia {unknown}
 t - a potion of berserk rage {unknown}
 u - a potion of curing {unknown}
 v - 2 potions of heal wounds {unknown}
 z - a potion of flight {unknown}
 B - a potion of mutation {unknown}
Comestibles
 d - 8 rations


   Skills:
 - Level 3.0 Fighting
 - Level 1.7 Dodging
 - Level 2.1 Stealth
 - Level 3.0 Spellcasting
 + Level 2.8 Conjurations
   Level 0.8 Transmutations
 - Level 4.0 Earth Magic


You had 7 spell levels left.
You knew the following spells:

 Your Spells              Type           Power        Failure   Level  Hunger
a - Sandblast             Erth           ##....       4%          1    #......
b - Stone Arrow           Conj/Erth      ##....       19%         3    ###....

Your spell library contained the following spells:

 Spells                   Type           Power        Failure   Level  Hunger
 Passwall                 Tmut/Erth      #.......     14%         2    ###....
 Petrify                  Tmut/Erth      #.......     65%         4    #####..
 Lee's Rapid Deconstruct  Erth           ##........   78%         5    ######.


Dungeon Overview and Level Annotations

Branches:
Dungeon (4/15)             Temple (1/1) D:4

Altars:
Dithmenos
Gozag
Kikubaaqudgha
Makhleb
Nemelex Xobeh
Qazlal
Ru
Sif Muna
Uskayaw
Vehumet


Innate Abilities, Weirdness & Mutations

Your body is rotting away.
You thrive on raw meat.
You are immune to poison.
You have sharp fingernails.
You are carnivorous and can eat meat at any time.
Your flesh is cold resistant. (rC+)
You are immune to negative energy. (rN+++)
You do not regenerate when monsters are visible.
You are immune to unholy pain and torment.
You can survive without breathing.


Message History

You closely miss something. The orc hits you with a +0 falchion.
Something hits you. The orc hits you with a +0 falchion.
* * * LOW HITPOINT WARNING * * *
Unknown command.
You miss something. Something barely misses you.
The orc hits you but does no damage. Something hits you.
* * * LOW HITPOINT WARNING * * *
You hit the orc.
The orc is severely wounded.
The orc hits you with a +0 falchion.
* * * LOW HITPOINT WARNING * * *
Casting: Stone Arrow (dangerous; 19% risk of failure)
Confirm with . or Enter, or press ? or * to list all spells.
Aiming: Sandblast (safe; 4% risk of failure)
Press: ? - help, Shift-Dir - straight line, f - orc
Aim: an orc, wielding a +0 falchion (severely wounded)
The blast of sand misses the orc.
b - 24 stones The orc hits you with a +0 falchion.
You die...

..... ##................. .....#
#.=............... ......#
#................. .......##
###.................
........######................###
#......))##.................### #
#.........................### .
............#####o.......## #.
..........### #@...#...## #..
.........## #...####..### ...
.##......# ##..## ##...###...
##.....# #$..# ##...#.... ##...##
#...# ##....... #.... ###...##
##.....# ##.. ##......### ##....#
............### ##.....
.....###......####......


You could see an orc.

Vanquished Creatures
  A centaur skeleton (D:4)
  A hound (D:4)
  A worker ant (D:4)
  6 adders
  A shadow imp (D:3)
  An ooze (D:1)
  A worm (D:3)
  7 dart slugs
  3 leopard geckos
  4 orcs
  10 bats
  3 giant cockroaches
  7 goblins
  5 hobgoblins
  3 jackals (D:3)
  A ball python (D:4)
  10 frilled lizards
  9 kobolds
  14 rats
88 creatures vanquished.

Notes
Turn   | Place    | Note
-------+----------+-------------------------------------------
     0 | D:1      | MisterFreud the Ghoul Earth Elementalist began the quest
                  | for the Orb.
     0 | D:1      | Reached XP level 1. HP: 14/14 MP: 2/2
    16 | D:1      | Reached skill level 1 in Fighting
   330 | D:1      | Reached XP level 2. HP: 23/24 MP: 3/3
   697 | D:1      | Reached XP level 3. HP: 27/30 MP: 4/4
  1616 | D:2      | Reached XP level 4. HP: 25/38 MP: 2/6
  2085 | D:2      | Found a shadowy altar of Dithmenos.
  2294 | D:2      | Learned a level 3 spell: Stone Arrow
  2973 | D:3      | Reached XP level 5. HP: 10/45 MP: 3/8
  3254 | D:3      | Reached skill level 1 in Conjurations
  4166 | D:4      | Reached skill level 4 in Earth Magic
  4469 | D:4      | Noticed a phantom
  4490 | D:4      | Reached XP level 6. HP: 17/51 MP: 7/9
  4771 | D:4      | Found a staircase to the Ecumenical Temple.
  4780 | Temple   | Entered the Ecumenical Temple
  5051 | Temple   | Became a worshipper of Makhleb the Destroyer
  5122 | D:4      | Slain by an orc

Illustrated notes

Levels and vault maps discovered:
D:1:      roderic_chinese_lattice_arrival, layout_loops_ring, chequers_jeans,
          chequers_serial_rivers_small_b
D:2:      layout_basic, first_ration, grunt_dithmenos_smoke_and_mirrors
D:3:      layout_basic, serial_bayou, serial_bayou_pond_d, serial_bayou_shore_b,
          serial_bayou_crossing, serial_bayou_lagoon_a
D:4:      layout_layer_cave, minmay_temple_entry_gardened_gates, corexii_shack
Temple:   zaba_magenta_temple

Skill      XL: |  1  2  3  4  5 |
---------------+----------------+-----
Fighting       | 1 2 3 |  3.0
Spellcasting   | 2 3 |  3.0
Conjurations   | 2 |  2.8
Earth Magic    | 4 |  4.0
Dodging        | |  1.7
Stealth        | |  2.1
Transmutations | |  0.8

Action                   |  1- 3 |  4- 6 || total
-------------------------+-------+-------++-------
Melee: Unarmed           |    28 |       ||    28
       Mace              |    95 |   149 ||   244
 Cast: Sandblast         |     7 |    43 ||    50
       Stone Arrow       |       |     3 ||     3
 Stab: Sleeping          |     2 |     7 ||     9
  Eat: Chunk             |     8 |     9 ||    17
Armor: Robe              |    29 |    42 ||    71
Dodge: Dodged            |    95 |   147 ||   242
